Map: 2000 Atmospheres LE

Players

MaNa - Winner!

  • Race: Protoss Protoss

Kas

  • Race: Terran Terran

Event: DreamHack SC2 Masters 2021 Fall

VOD

Have the link to the VOD?

Description

Time

  • Played on: Aug. 5, 2021, 10:13 a.m.
  • Length: 10:51

All games in this series

Show
View Real Time Build Order
Export as new Build Order

MaNa Protoss - Winner!

Build Orders: 1 Gate Expand, Oracle Opening 

Get SALT Encoding   

  12  0:00  Probe  
  13  0:12  Probe  
  14  0:17  Pylon  
  14  0:24  Probe (Chrono Boost)  
  15  0:36  Gateway, Probe (Chrono Boost)  
  16  0:44  Probe (Chrono Boost)  
  16  0:48  Assimilator  
  17  0:51  Probe  
  18  1:03  Probe  
  19  1:15  Probe  
  20  1:23  Cybernetics Core  
  20  1:35  Nexus  
  20  1:42  Pylon  
  20  1:44  Probe  
  21  1:53  Assimilator  
  21  1:56  Probe  
  21  1:58  Adept (Chrono Boost)  
  24  2:08  Probe  
  25  2:16  Stargate  
  25  2:20  Adept (Chrono Boost), Probe  
  28  2:33  Probe  
  28  2:36  Warp Gate  
  29  2:44  Adept  
  30  2:45  Probe  
  30  2:51  Probe  
  30  2:57  Probe  
  32  3:03  Probe  
  33  3:08  Oracle (Chrono Boost)  
  36  3:13  Probe  
  36  3:18  Probe  
  38  3:25  Probe  
  39  3:30  Probe  
  38  3:37  Probe  
  38  3:39  Oracle  
  42  3:41  Gateway  
  42  3:44  Probe  
  42  3:45  Assimilator  
  42  3:48  Assimilator  
  43  3:49  Probe  
  43  3:52  Pylon  
  44  3:56  Probe  
  44  4:01  Robotics Facility, Probe  
  46  4:08  Pylon  
  46  4:10  Probe  
  46  4:13  Probe  
  48  4:23  Probe  
  49  4:25  Probe  
  49  4:28  Phoenix  
  49  4:29  Adept  
  54  4:35  Probe  
  54  4:36  Adept  
  54  4:37  Probe  
  58  4:43  Pylon  
  58  4:47  Probe  
  58  4:49  Probe  
  58  4:50  Pylon  
  60  4:59  Probe  
  61  5:02  Probe  
  61  5:03  Phoenix  
  58  5:07  Observer  
  58  5:09  Robotics Bay  
  58  5:11  Probe  
  58  5:14  Probe  
  61  5:18  Nexus  
  61  5:25  Twilight Council  
  61  5:28  Phoenix  
  63  5:29  Probe  
  63  5:34  Probe  
  65  5:41  Probe  
  66  5:45  Immortal (Chrono Boost)  
  66  5:46  Probe  
  66  5:48  Sentry  
  73  5:50  Pylon  
  73  5:53  Probe  
  74  5:59  Probe  
  74  6:00  Charge (Chrono Boost)  
  74  6:02  Pylon  
  75  6:06  Probe  
  75  6:09  Extended Thermal Lance  
  76  6:13  Colossus (Chrono Boost), Probe  
  76  6:16  Shield Battery  
  83  6:21  Probe  
  84  6:26  Probe  
  84  6:30  Phoenix  
  87  6:33  Probe  
  87  6:38  Probe  
  89  6:43  Sentry, Zealot  
  89  6:45  Probe  
  89  6:46  Probe  
  95  6:50  Probe  
  95  6:51  Colossus (Chrono Boost)  
  102  6:56  Gateway  
  102  6:57  Gateway, Phoenix  
  102  7:16  Probe  
  102  7:19  Probe  
  102  7:22  Phoenix  
  106  7:27  Probe  
  106  7:29  Zealot  
  109  7:31  Gateway  
  109  7:32  Gateway  
  109  7:38  Forge x2  
  109  7:43  Assimilator  
  109  7:47  Observer  
  109  7:48  Assimilator  
  109  7:49  Gateway  
  109  7:50  Gateway  
  109  7:56  Nexus  
  109  8:00  Pylon  
  109  8:02  Pylon  
  109  8:03  Pylon  
  109  8:04  Pylon  
  109  8:05  Pylon  
  109  8:06  Protoss Ground Weapons Level 1 (Chrono Boost)  
  109  8:07  Protoss Ground Armor Level 1 (Chrono Boost)  
  109  8:16  Colossus (Chrono Boost)  
  109  8:18  Probe  
  116  8:22  Photon Cannon  
  116  8:25  Zealot x2  
  116  8:26  Zealot x3  
  126  8:28  Observer  
  126  8:29  Zealot  
  126  8:30  Photon Cannon  
  128  8:36  Probe x2  
  128  8:38  Pylon  
  130  8:41  Phoenix  
  130  8:42  Pylon  
  130  8:47  Stalker x3, Zealot x2  
  142  8:55  Templar Archives  
  140  8:59  Photon Cannon  
  138  9:02  Warp Prism (Chrono Boost)  
  138  9:03  Shield Battery  
  138  9:05  Probe  
  139  9:12  Probe x3  
  142  9:17  Probe  
  137  9:29  Zealot x2  
  137  9:30  Zealot x6  
  145  9:37  Colossus  
  147  9:49  Probe x3  
  147  9:52  High Templar x8  
  162  9:56  Assimilator  
  162  9:57  Archon x3  
  162  9:58  Archon  
  162  9:59  Photon Cannon  
  166  10:00  Assimilator  
  166  10:01  Observer  
  166  10:03  Photon Cannon  
  166  10:04  Shield Battery  
  166  10:20  Nexus  
  166  10:30  Zealot x6  
  166  10:31  Zealot  
  172  10:39  Probe  
Show
View Real Time Build Order
Export as new Build Order

Kas Terran 

Build Orders: Reaper Expand 

Get SALT Encoding   

  12  0:00  SCV  
  13  0:13  SCV  
  14  0:16  Supply Depot  
  14  0:25  SCV  
  15  0:38  SCV  
  15  0:40  Barracks  
  16  0:43  Refinery  
  16  0:50  SCV  
  17  1:02  SCV  
  18  1:14  SCV  
  19  1:27  Reaper, Orbital Command  
  20  1:42  Command Center  
  20  1:49  Supply Depot  
  20  1:52  SCV  
  21  1:59  Marine  
  22  2:04  SCV  
  23  2:08  Factory  
  23  2:16  Refinery, SCV  
  23  2:20  Barracks Reactor  
  24  2:27  Bunker  
  24  2:29  SCV  
  25  2:41  SCV  
  26  2:53  SCV  
  26  2:54  Factory Tech Lab  
  26  2:55  Orbital Command  
  26  2:57  Marine x2  
  30  3:05  SCV  
  30  3:11  Starport  
  29  3:19  Marine x2  
  31  3:20  SCV  
  31  3:27  Cyclone  
  31  3:31  SCV  
  35  3:37  SCV  
  35  3:41  Marine x2  
  35  3:43  SCV  
  38  3:49  SCV  
  38  3:51  Viking  
  38  3:55  SCV  
  42  3:58  Supply Depot  
  42  4:01  SCV  
  43  4:05  Cyclone  
  46  4:18  Barracks  
  46  4:19  Marine x2, SCV x2  
  46  4:20  Supply Depot  
  46  4:23  Starport Tech Lab  
  48  4:31  SCV  
  48  4:32  SCV  
  48  4:34  Barracks  
  50  4:43  SCV  
  50  4:44  SCV  
  52  4:48  Engineering Bay  
  52  4:49  Marine  
  52  4:50  Marine  
  54  4:55  SCV  
  54  4:56  SCV  
  54  4:58  Refinery  
  56  5:00  Starport Reactor  
  56  5:04  Factory Reactor  
  53  5:08  SCV x2  
  53  5:11  Marine x2  
  57  5:14  Marine, Stimpack  
  57  5:16  Terran Infantry Weapons Level 1  
  57  5:20  SCV x2  
  57  5:21  Refinery  
  60  5:22  Supply Depot  
  60  5:23  Supply Depot  
  60  5:28  Combat Shield  
  60  5:35  SCV x2  
  62  5:43  Marine x2, Medivac x2  
  62  5:44  Marauder x2  
  62  5:47  SCV, Widow Mine  
  62  5:48  SCV, Widow Mine  
  78  6:07  Marine x2, Supply Depot  
  78  6:08  Supply Depot  
  78  6:09  Marauder x2  
  82  6:18  Medivac x2  
  86  6:23  Missile Turret  
  86  6:29  Widow Mine x2  
  90  6:33  Marine x2, Marauder x2  
  90  6:35  SCV  
  90  6:38  Command Center  
  97  6:41  SCV  
  95  6:47  SCV  
  95  6:49  Supply Depot  
  95  6:50  Marine  
  95  6:51  Marine  
  95  6:53  SCV  
  99  6:54  Marauder  
  99  7:00  SCV  
  102  7:05  Marauder  
  99  7:08  Marine x2  
  101  7:16  Marauder  
  98  7:27  Marauder  
  98  7:28  Marine x2  
  98  7:29  Widow Mine x2  
  101  7:31  Medivac x2  
  101  7:32  SCV  
  101  7:34  Barracks  
  101  7:36  SCV  
  107  7:37  Terran Infantry Armor Level 1, Marauder  
  107  7:42  Barracks  
  107  7:45  SCV  
  107  7:48  Marauder  
  110  7:53  SCV  
  110  7:54  Supply Depot  
  110  7:55  Orbital Command  
  110  7:56  Supply Depot  
  113  7:58  Marauder  
  113  8:00  SCV  
  113  8:05  SCV  
  115  8:07  Widow Mine x2, Medivac  
  115  8:08  Medivac  
  115  8:09  Marine x2  
  115  8:11  Concussive Shells  
  125  8:15  SCV, Marauder  
  125  8:17  SCV  
  131  8:20  Marauder  
  131  8:23  Barracks Tech Lab  
  131  8:26  Orbital Command  
  131  8:31  SCV  
  131  8:32  Barracks Reactor  
  132  8:35  Marine  
  132  8:36  Marine  
  132  8:37  Marauder  
  138  8:41  Marauder  
  138  8:47  Marauder  
  140  8:53  SCV  
  141  8:56  Supply Depot  
  141  8:58  Supply Depot x2  
  141  9:11  Armory, Engineering Bay  
  141  9:15  Refinery  
  141  9:17  Marine x2, Sensor Tower  
  141  9:18  Widow Mine x2, Marauder  
  141  9:19  SCV, Ghost Academy, Medivac x2  
  141  9:20  Marauder x2  
  144  9:31  Marine x2  
  136  9:32  SCV  
  136  9:35  Marine x2, SCV x2  
  132  9:39  Marauder  
  132  9:41  Marauder x2  
  132  9:44  SCV  
  139  9:46  Command Center  
  139  9:49  Marine  
  84  9:52  Medivac x2  
  140  9:53  Marine  
  140  9:54  Marine x2  
  140  9:59  Ghost  
  147  10:02  Ghost x2  
  147  10:03  Widow Mine  
  147  10:04  Refinery  
  147  10:05  SCV, Widow Mine  
  158  10:12  Supply Depot  
  158  10:14  Supply Depot  
  158  10:17  Supply Depot  
  158  10:29  Marauder  

Tags
 
Add a new tag
Caveats
  • Supply blocks, unpowered buildings, or Contaminate may cause inaccurate times.
  • Supply counts are checked every 10 seconds.